 Dungeon Crawl Stone Soup version 0.28.0-43-g3370ac3207 (webtiles) character file.

Game seed: 3549023375691446816

6 choreboyy the Skirmisher (level 1, -1/19 HPs)
             Began as a Barachi Fighter on Mar 11, 2022.
             Frozen to death by an endoplasm (5 damage)
             ... on level 1 of the Dungeon.
             The game lasted 00:00:59 (177 turns).

choreboyy the Skirmisher (Barachi Fighter)           Turns: 177, Time: 00:00:59

Health: -1/19      AC:  6    Str: 17    XL:     1   Next: 90%
Magic:  1/1        EV:  9    Int:  8    God:
Gold:   0          SH:  4    Dex: 11    Spells: 0/0 levels left

rFire   . . .      SeeInvis .   a - +0 long sword
rCold   . . .      Faith    .   c - +0 buckler
rNeg    . . .      Spirit   .   b - +0 scale mail
rPois   .          Reflect  .   (no helmet)
rElec   .          Harm     .   (no cloak)
rCorr   .          Rampage  .   (no gloves)
Will    .....                   (no boots)
Stlth   ..........              (no amulet)
HPRegen 0.06/turn               (no ring)
MPRegen 0.07/turn               (no ring)

@: slow
A: amphibious, slowness 1, strong legs 1, +LOS
a: Hop


You were on level 1 of the Dungeon.
You visited 1 branch of the dungeon, and saw 1 of its levels.

Inventory:

Hand Weapons
 a - a +0 long sword (weapon)
Armour
 b - a +0 scale mail (worn)
 c - a +0 buckler (worn)
Scrolls
 e - 3 scrolls of identify {unknown}
Potions
 d - a potion of might


   Skills:
 + Level 3.9 Fighting
 + Level 2.8 Long Blades
 - Level 3.6 Armour
 - Level 3.2 Shields


You couldn't memorise any spells.
You didn't know any spells.
Your spell library was empty.

Dungeon Overview and Level Annotations

Branches:
Dungeon (1/15)

Altars:


Innate Abilities, Weirdness & Mutations

You are amphibious.
You cover ground slowly.
You can hop short distances.
You have an extended range of vision and can be seen from far away.


Message History

You block the ball python's attack. The ball python barely misses you.
The kobold barely misses you.
You barely miss the kobold.
The ball python bites you but does no damage.
The ball python completely misses you. The ball python misses you.
The ball python grabs you. The ball python constricts you.
You block the kobold's attack.
You escape the ball python's grasp.
The goblin closely misses you. x2
You hit the goblin.
The goblin is severely wounded.
The kobold hits you with a +0 club.
The goblin hits you but does no damage. x2
The kobold barely misses you. The goblin hits you but does no damage.
You block the goblin's attack. The goblin hits you with a +0 club.
You hit the kobold.
You kill the kobold!
The goblin hits you with a +0 club. x2
You closely miss the ball python. You block the ball python's attack.
The ball python grabs you. The ball python constricts you.
The ball python closely misses you. The ball python constricts you.
The goblin hits you with a +0 club.
You hit the ball python.
You kill the ball python!
The goblin hits you but does no damage.
You hit the goblin.
You kill the goblin!
The goblin hits you but does no damage.
You miss the goblin. The endoplasm misses you. The goblin barely misses you.
The endoplasm closely misses you. The goblin hits you but does no damage.
You hit the endoplasm.
The endoplasm is moderately wounded.
The endoplasm freezes you.
You are frozen.
* * * LOW HITPOINT WARNING * * *
You block the goblin's attack. The endoplasm barely misses you.
The goblin hits you but does no damage. The endoplasm freezes you.
You are frozen.
You die...

#######.#.. #........(#
#.........# #.......(.#
#.........# #...J[....# #.#
###################.#
................@g#.#.#####
............†....J).........
##################).#.......
#..######## #..# ...# ####
...# .#.## ..... #.#.# .....


You could see an endoplasm and a goblin.

Vanquished Creatures
  2 goblins (D:1)
  2 ball pythons (D:1)
  A bat (D:1)
  A kobold (D:1)
  A rat (D:1)
7 creatures vanquished.

Notes
Turn   | Place    | Note
-------+----------+-------------------------------------------
     0 | D:1      | choreboyy the Barachi Fighter began the quest for the Orb.
     0 | D:1      | Reached XP level 1. HP: 18/18 MP: 1/1
   177 | D:1      | Frozen to death by an endoplasm

Illustrated notes

Levels and vault maps discovered:
D:1:      lightli_arrival_chessboard, layout_basic

Action                   || total
-------------------------++-------
Melee: Long sword        ||    17
Armor: Scale mail        ||    13
Dodge: Dodged            ||    16
Block: Buckler           ||     7
